 Dungeon Crawl Stone Soup version 0.29-a0-320-g9f8742066b (webtiles) character file.

Game seed: 15224836498321673734

210 GigaChad the Ruffian (level 5, -3/49 HPs)
             Began as a Troll Warper on Apr 2, 2022.
             Was a Follower of the Shining One.
             Shot with an arrow by a centaur (11 damage)
             ... on level 3 of the Dungeon.
             The game lasted 00:09:53 (1221 turns).

GigaChad the Ruffian (Troll Warper)                 Turns: 1221, Time: 00:09:55

Health: -3/49      AC:  4    Str: 19    XL:     5   Next: 56%
Magic:  0/6        EV: 10    Int:  9    God:    the Shining One [*.....]
Gold:   66         SH:  0    Dex: 11    Spells: 6/6 levels left

rFire   . . .      SeeInvis .   k - +3 shortbow (vorpal)
rCold   . . .      Faith    .   (shield currently unavailable)
rNeg    . . .      Spirit   +   a - +0 robe
rPois   .          Reflect  .   (helmet restricted)
rElec   .          Harm     .   (no cloak)
rCorr   .          Rampage  .   (gloves unavailable)
Will    .....                   (boots unavailable)
Stlth   +.........              p - amulet of guardian spirit
HPRegen 0.96/turn               l - ring of wizardry
MPRegen 0.10/turn               (no ring)

@: glowing
A: large, unfitting armour, claws 3, regeneration 1, shaggy fur 1, tough skin 1
a: Renounce Religion, Divine Shield


You were on level 3 of the Dungeon.
You worshipped the Shining One.
The Shining One was aware of your devotion.
You visited 1 branch of the dungeon, and saw 3 of its levels.

You collected 66 gold pieces.

Inventory:

Hand Weapons
 k - a +3 vorpal shortbow (weapon)
 m - a +0 spear
 o - a +0 mace
Missiles
 c - 7 boomerangs of dispersal
Armour
 a - a +0 robe (worn)
Magical Staves
 n - a staff of death
Jewellery
 l - a ring of wizardry (left claw)
 p - an amulet of guardian spirit (around neck)
Scrolls
 b - a scroll of blinking
 d - a scroll of magic mapping {unknown}
 e - a scroll of teleportation {unknown}
 f - 4 scrolls of identify {unknown}
 h - a scroll of brand weapon {unknown}
Potions
 g - 2 potions of curing {unknown}
 i - a potion of might {unknown}
 j - a potion of flight {unknown}


   Skills:
 + Level 1.8 Fighting
 + Level 0.9 Bows
 + Level 0.8 Throwing
 + Level 3.1 Dodging
 + Level 3.8 Unarmed Combat
 + Level 1.4 Spellcasting
 + Level 2.6 Translocations


You had 6 spell levels left.
You didn't know any spells.
Your spell library contained the following spells:

 Spells                   Type           Power      Damage    Failure   Level
 Blink                    Tloc           10%        N/A       8%          2
 Gell's Gravitas          Tloc           5%         N/A       14%         3
 Lesser Beckoning         Tloc           5%         N/A       14%         3
 Teleport Other           Tloc           5%         N/A       14%         3
 Manifold Assault         Tloc           5%         N/A       75%         5


Dungeon Overview and Level Annotations

Branches:
Dungeon (3/15)

Altars:
The Shining One

Shops:
D:2 :


Innate Abilities, Weirdness & Mutations

You are too large for most types of armour.
You have claws for hands.
Your natural rate of healing is unusually fast.
You are covered in fur. (AC +1)
You have tough skin. (AC +1)


Message History

The howler monkey closely misses you.
You shoot an arrow.
The arrow hits the howler monkey but does no damage.
The howler monkey is severely wounded.
The howler monkey closely misses you. x2
You shoot an arrow.
The arrow barely misses the howler monkey.
The arrow hits the hobgoblin.
The hobgoblin is almost dead.
The howler monkey hits you. x2
The hobgoblin attacks as you move away! The hobgoblin closely misses you.
The hobgoblin attacks as you move away! The hobgoblin barely misses you.
You shoot an arrow. The arrow hits the howler monkey.
The howler monkey is almost dead.
The howler monkey hits you. The howler monkey closely misses you.
You shoot an arrow. The arrow hits the howler monkey.
You kill the howler monkey!
The centaur unwields a +0 short sword.
The centaur wields a +0 shortbow.
The centaur shoots an arrow.
The arrow closely misses you.
You shoot an arrow. The arrow hits the hobgoblin.
You kill the hobgoblin!
The centaur shoots an arrow.
The arrow hits you!
The centaur shoots an arrow.
The arrow hits you.
The centaur shoots an arrow.
The arrow hits you!
The centaur shoots an arrow.
The arrow barely misses you.
The centaur shoots an arrow.
The arrow hits you.
You are too injured to fight recklessly!
You are too injured to fight recklessly!
The centaur shoots an arrow.
The arrow closely misses you.
The centaur shoots an arrow.
The arrow hits you!
* * * LOW HITPOINT WARNING * * *
The centaur shoots an arrow.
The arrow hits you!
* * * LOW HITPOINT WARNING * * *
The centaur shoots an arrow.
The arrow hits you.
* * * LOW HITPOINT WARNING * * *
The centaur shoots an arrow.
The arrow hits you.
* * * LOW HITPOINT WARNING * * *
The centaur shoots an arrow.
The arrow misses you.
The centaur shoots an arrow.
The arrow hits you!
You die...

#.# #.# #.# #.# # #.#
#.############.###
##.#########......#..........
.................†...........
.###########.....c#..........
.#...# #.############.##.
.#...#######c######### #
>†).............@....#
##...###############..# #####


You could see a centaur.

Vanquished Creatures
  A howler monkey (D:3)
  An orc wizard (D:3)
  Natasha (thrice) (D:2)
  2 adders (D:2)
  A worm (D:2)
  2 orcs (D:3)
  5 ball pythons
  4 bats
  6 endoplasms
  2 giant cockroaches (D:2)
  5 goblins
  5 hobgoblins
  5 kobolds
  A quokka (D:2)
  3 frilled lizards
  3 rats
49 creatures vanquished.

Notes
Turn   | Place    | Note
-------+----------+-------------------------------------------
     0 | D:1      | GigaChad the Troll Warper began the quest for the Orb.
     0 | D:1      | Reached XP level 1. HP: 19/19 MP: 1/1
   113 | D:1      | Found a faded altar of an unknown god.
   122 | D:1      | Prayed at the altar of an unknown god.
   122 | D:1      | Became a worshipper of the Shining One
   122 | D:1      | Reached * piety under the Shining One
   203 | D:1      | Reached XP level 2. HP: 27/27 MP: 3/3
   331 | D:2      | Found Saz Gie's Book Shop.
   508 | D:2      | Reached XP level 3. HP: 24/35 MP: 4/4
   530 | D:2      | Upgraded the game from 0.29-a0-319-gad05b8d819 to
                  | 0.29-a0-320-g9f8742066b
   752 | D:2      | Noticed Natasha
   760 | D:2      | Killed Natasha
   761 | D:2      | Reached XP level 4. HP: 42/42 MP: 5/5
   767 | D:2      | Identified a scroll of acquirement
   767 | D:2      | Acquired a +2 vorpal shortbow
   769 | D:2      | Noticed Natasha
   779 | D:2      | Killed Natasha
   831 | D:2      | Noticed Natasha
   837 | D:2      | Killed Natasha
  1048 | D:3      | Reached XP level 5. HP: 49/49 MP: 6/6
  1201 | D:3      | Noticed a centaur
  1215 | D:3      | HP: 2/49 [centaur/arrow (1)]
  1221 | D:3      | Shot with an arrow by a centaur

Illustrated notes

Levels and vault maps discovered:
D:1:      minmay_arrival_shattered_statue, layout_basic,
          dreamdust_ecumenical_altar_angels_and_demons
D:2:      layout_rooms, serial_shops, shop, shop, shop_statue, uniq_natasha
D:3:      layout_basic, minmay_crystal_room, minmay_misc_feat_tower,
          chequers_jeans

Skill      XL: |  1  2  3  4 |
---------------+-------------+-----
Dodging        | 2 3 |  3.1
Unarmed Combat | 3 |  3.8
Fighting       | |  1.8
Bows           | |  0.9
Throwing       | |  0.8
Spellcasting   | |  1.4
Translocations | |  2.6

Action                   |  1- 3 |  4- 6 || total
-------------------------+-------+-------++-------
Melee: Unarmed           |    82 |     4 ||    86
       Punch             |     1 |       ||     1
 Fire: Shortbow          |       |    43 ||    43
  Use: Scroll            |       |     3 ||     3
Armor: Robe              |    55 |    11 ||    66
Dodge: Dodged            |    60 |    19 ||    79

Table legend: (Time is in decaauts)
 A = Elapsed time spent in this place.
 B = Non-inter-level travel time spent in this place.
 C = Inter-level travel time spent in this place.
 D = Time resting spent in this place.
 E = Time spent auto-exploring this place.
 F = Levels seen in this place.
 G = Mean time per level.
                   A        B        C        D        E       F      G
               +--------+--------+--------+--------+--------+-----+--------+
         Total |   1247 |   1247 |      0 |      0 |      0 |   3 |  415.7 |
       Dungeon |   1247 |   1247 |      0 |      0 |      0 |   3 |  415.7 |
               +--------+--------+--------+--------+--------+-----+--------+

Top non-repeatable levels by time:
     D:2: 622 daAuts
     D:1: 326 daAuts
     D:3: 297 daAuts
